TOP OF THE 1ST |
Columbia 08s batting - Pitching for Erie Jaxx : RHP Steve Bigham
|
Pitching: RHP Steve Bigham
|
|
Batting: RHB Jorge Mora
|
0-0: Foul Ball, location: 2F 0-1: Ball 1-1: Ball 2-1: Fly out, F7 (Flyball, 78S)
|
Batting: RHB Pablo Díaz
|
0-0: Called Strike 0-1: Hit by Pitch
|
Batting: RHB Carlos Luna
|
0-0: Ball 1-0: SINGLE (Line Drive, 6MD) Pablo Díaz to second
|
Batting: RHB Jaime Hernández
|
0-0: Called Strike 0-1: Foul Ball, location: 2F 0-2: Ball 1-2: SINGLE (Groundball, 6MD) Pablo Díaz to third Carlos Luna to second Runner from 3rd tries for Home, SAFE, throw made home Carlos Luna to third Jaime Hernández to second
|
Batting: RHB Nicoli Turina
|
0-0: Foul Ball, location: 2F 0-1: Fly out, F5 (Popup, 5D)
|
Batting: RHB Martín Pérez
|
0-0: Called Strike 0-1: Called Strike 0-2: Ball 1-2: Strikes out swinging
|
Top of the 1st over - 1 run(s), 2 hit(s), 0 error(s), 2 left on base; Columbia 1 - Erie 0 |
BOTTOM OF THE 1ST |
Erie Jaxx batting - Pitching for Columbia 08s : LHP Glenn Fox
|
Pitching: LHP Glenn Fox
|
|
Batting: LHB Josh Pérez
|
0-0: Ball 1-0: Called Strike 1-1: Ball 2-1: Ball 3-1: Base on Balls
|
Batting: RHB Ángel Serrano
|
0-0: Ball 1-0: Fly out, F3 (Popup, 3S)
|
Batting: SHB José Durango
|
0-0: Foul Ball, location: 2F 0-1: Ball 1-1: Swinging Strike 1-2: Foul Ball, location: 2F 1-2: Ball 2-2: Ground out 5-3 (Groundball, 56S) Josh Pérez to second
|
Batting: SHB Michael Field
|
0-0: Ball 1-0: Ball 2-0: Called Strike 2-1: Ball 3-1: SINGLE (Groundball, 56S) (infield hit) Josh Pérez to third
|
Batting: RHB Andrés Silva
|
0-0: Called Strike 0-1: Ball 1-1: Ground out 3-1 (Groundball, 34S)
|
Bottom of the 1st over - 0 run(s), 1 hit(s), 0 error(s), 2 left on base; Columbia 1 - Erie 0 |
TOP OF THE 2ND |
Columbia 08s batting - Pitching for Erie Jaxx : RHP Steve Bigham
|
Batting: SHB Juan Carlos González
|
0-0: Ball 1-0: Foul Ball, location: 2F 1-1: Fly out, F8 (Line Drive, 78M)
|
Batting: RHB Bernardo Corona
|
0-0: Ball 1-0: Ball 2-0: Called Strike 2-1: Ball 3-1: Foul Ball, location: 2F 3-2: Base on Balls
|
Batting: RHB Juan Trujillo
|
0-0: Ball 1-0: Ball 2-0: Foul Ball, location: 2F 2-1: Fly out, F4 (Popup, 4MD)
|
Batting: RHB Jorge Mora
|
0-0: Called Strike 0-1: SINGLE (Line Drive, 78M) Bernardo Corona to second
|
Batting: RHB Pablo Díaz
|
0-0: Called Strike Bernardo Corona steals 3rd base Jorge Mora to second 0-1: Foul Ball, location: 2F 0-2: Hit by Pitch
|
Batting: RHB Carlos Luna
|
0-0: Ball 1-0: Ball 2-0: Called Strike 2-1: Called Strike 2-2: Fielders Choice at 2nd, 5-4 (Groundball, 56)
|
Top of the 2nd over - 0 run(s), 1 hit(s), 0 error(s), 2 left on base; Columbia 1 - Erie 0 |
BOTTOM OF THE 2ND |
Erie Jaxx batting - Pitching for Columbia 08s : LHP Glenn Fox
|
Batting: SHB Giel Molendijk
|
0-0: Called Strike 0-1: Foul Ball, location: 2F 0-2: Ball 1-2: Strikes out swinging
|
Batting: LHB Jim Knight
|
0-0: Swinging Strike 0-1: Foul Ball, location: 2F 0-2: Ball 1-2: Ball 2-2: Foul Ball, location: 2F 2-2: Strikes out swinging
|
Batting: RHB Alfredo Ramírez
|
0-0: Called Strike 0-1: Ground out 4-3 (Groundball, 4)
|
Bottom of the 2nd over - 0 run(s), 0 hit(s), 0 error(s), 0 left on base; Columbia 1 - Erie 0 |
TOP OF THE 3RD |
Columbia 08s batting - Pitching for Erie Jaxx : RHP Steve Bigham
|
Batting: RHB Jaime Hernández
|
0-0: Foul Ball, location: 2F 0-1: Foul Ball, location: 2F 0-2: Ball 1-2: Strikes out looking
|
Batting: RHB Nicoli Turina
|
0-0: Ball 1-0: Ground out 5-3 (Groundball, 5L)
|
Batting: RHB Martín Pérez
|
0-0: Ground out 6-3 (Groundball, 6)
|
Top of the 3rd over - 0 run(s), 0 hit(s), 0 error(s), 0 left on base; Columbia 1 - Erie 0 |
BOTTOM OF THE 3RD |
Erie Jaxx batting - Pitching for Columbia 08s : LHP Glenn Fox
|
Batting: RHB Júlio Hernández
|
0-0: Foul Ball, location: 2F 0-1: Ball 1-1: Ball 2-1: Ball 3-1: Base on Balls
|
Batting: LHB Josh Pérez
|
0-0: Ball 1-0: Swinging Strike 1-1: Fielders Choice at 2nd, 4-6 (Groundball, 4)
|
Batting: RHB Ángel Serrano
|
0-0: Ball 1-0: Foul Ball, location: 2F 1-1: Swinging Strike 1-2: Ball 2-2: Strikes out swinging
|
Batting: SHB José Durango
|
0-0: SINGLE (Flyball, 8RS) Josh Pérez to second Runner from 2nd tries for 3rd, SAFE, no throw
|
Batting: SHB Michael Field
|
0-0: Called Strike 0-1: Ball 1-1: Called Strike 1-2: Ball 2-2: DOUBLE (Flyball, 7LD) Josh Pérez scores José Durango to third
|
Batting: RHB Andrés Silva
|
0-0: Ground out 5-3 (Groundball, 5S)
|
Bottom of the 3rd over - 1 run(s), 2 hit(s), 0 error(s), 2 left on base; Columbia 1 - Erie 1 |
TOP OF THE 4TH |
Columbia 08s batting - Pitching for Erie Jaxx : RHP Steve Bigham
|
Batting: SHB Juan Carlos González
|
0-0: Fly out, F3 (Line Drive, 3)
|
Batting: RHB Bernardo Corona
|
0-0: Ball 1-0: SINGLE (Groundball, 4MD)
|
Batting: RHB Juan Trujillo
|
0-0: Ball 1-0: Ball 2-0: Called Strike 2-1: Ball 3-1: Foul Ball, location: 2F 3-2: Ground out U3 (Groundball, 34) Bernardo Corona to second
|
Batting: RHB Jorge Mora
|
0-0: SINGLE (Flyball, 9) Bernardo Corona to third Runner from 3rd tries for Home, SAFE, no throw
|
Batting: RHB Pablo Díaz
|
0-0: Called Strike 0-1: Called Strike 0-2: Ground out 4-3 (Groundball, 34D)
|
Top of the 4th over - 1 run(s), 2 hit(s), 0 error(s), 1 left on base; Columbia 2 - Erie 1 |
BOTTOM OF THE 4TH |
Erie Jaxx batting - Pitching for Columbia 08s : LHP Glenn Fox
|
Batting: SHB Giel Molendijk
|
0-0: Called Strike 0-1: Called Strike 0-2: Strikes out swinging
|
Batting: LHB Jim Knight
|
0-0: Foul Ball, location: 2F 0-1: Foul Ball, location: 2F 0-2: Ball 1-2: Strikes out looking
|
Batting: RHB Alfredo Ramírez
|
0-0: Ball 1-0: Ground out 6-3 (Groundball, 6)
|
Bottom of the 4th over - 0 run(s), 0 hit(s), 0 error(s), 0 left on base; Columbia 2 - Erie 1 |
TOP OF THE 5TH |
Columbia 08s batting - Pitching for Erie Jaxx : RHP Steve Bigham
|
Batting: RHB Carlos Luna
|
0-0: Ground out 5-3 (Groundball, 5S)
|
Batting: RHB Jaime Hernández
|
0-0: Ball 1-0: SOLO HOME RUN (Flyball, 7D), Distance : 350 ft
|
Batting: RHB Nicoli Turina
|
0-0: Ball
|
|
|
|
1-0: Ball 2-0: Ball 3-0: Base on Balls
|
Batting: RHB Martín Pérez
|
0-0: Ball 1-0: Foul Ball, location: 2F 1-1: Swinging Strike 1-2: Fly out, F9 (Flyball, 9S)
|
Batting: SHB Juan Carlos González
|
0-0: Foul Ball, location: 2F 0-1: Ball 1-1: Ball 2-1: Foul Ball, location: 2F 2-2: Strikes out swinging
|
Top of the 5th over - 1 run(s), 1 hit(s), 0 error(s), 1 left on base; Columbia 3 - Erie 1 |
BOTTOM OF THE 5TH |
Erie Jaxx batting - Pitching for Columbia 08s : LHP Glenn Fox
|
Batting: RHB Júlio Hernández
|
0-0: Fly out, F8 (Flyball, 8LD)
|
Batting: LHB Josh Pérez
|
0-0: Ground out 4-3 (Groundball, 34)
|
Batting: RHB Ángel Serrano
|
0-0: Ball 1-0: Foul Ball, location: 2F 1-1: SINGLE (Line Drive, 6M)
|
Batting: SHB José Durango
|
0-0: Ball 1-0: Fielders Choice at 2nd, 6-4 (Groundball, 6)
|
Bottom of the 5th over - 0 run(s), 1 hit(s), 0 error(s), 0 left on base; Columbia 3 - Erie 1 |
TOP OF THE 6TH |
Columbia 08s batting - Pitching for Erie Jaxx : RHP Steve Bigham
|
Batting: RHB Bernardo Corona
|
0-0: Called Strike 0-1: Swinging Strike 0-2: SINGLE (Groundball, 6) (infield hit)
|
Batting: RHB Juan Trujillo
|
0-0: Called Strike 0-1: Ball 1-1: Ball 2-1: Grounds into double play, 6-4-3 (Groundball, 6)
|
Batting: RHB Jorge Mora
|
0-0: SINGLE (Line Drive, 4D)
|
Pitching: RHP Mauro Vásquez
|
|
Batting: RHB Pablo Díaz
|
0-0: SINGLE (Groundball, 34D) Jorge Mora to second Runner from 2nd tries for 3rd, SAFE, throw made to third
|
Batting: RHB Carlos Luna
|
0-0: Called Strike 0-1: Ball 1-1: Ball 2-1: Foul Ball, location: 2F 2-2: Foul Ball, location: 2F 2-2: Foul Ball, location: 2F 2-2: Ball 3-2: Fly out, F9 (Flyball, 9)
|
Top of the 6th over - 0 run(s), 3 hit(s), 0 error(s), 2 left on base; Columbia 3 - Erie 1 |
BOTTOM OF THE 6TH |
Erie Jaxx batting - Pitching for Columbia 08s : LHP Glenn Fox
|
Batting: SHB Michael Field
|
0-0: Called Strike 0-1: Called Strike 0-2: Ball 1-2: Foul Ball, location: 2F 1-2: Strikes out looking
|
Batting: RHB Andrés Silva
|
0-0: Called Strike 0-1: Foul Ball, location: 2F 0-2: Foul Ball, location: 2F 0-2: Foul Ball, location: 2F 0-2: Ball 1-2: Ball 2-2: Foul Ball, location: 2F 2-2: Strikes out swinging
|
Batting: SHB Giel Molendijk
|
0-0: Ground out 6-3 (Groundball, 6)
|
Bottom of the 6th over - 0 run(s), 0 hit(s), 0 error(s), 0 left on base; Columbia 3 - Erie 1 |
TOP OF THE 7TH |
Columbia 08s batting - Pitching for Erie Jaxx : RHP Mauro Vásquez
|
Batting: RHB Jaime Hernández
|
0-0: Called Strike 0-1: Swinging Strike 0-2: Ball 1-2: Foul Ball, location: 2F 1-2: Ground out 6-3 (Groundball, 6)
|
Batting: RHB Nicoli Turina
|
0-0: SINGLE (Line Drive, 9LS)
|
Batting: RHB Martín Pérez
|
0-0: Swinging Strike 0-1: Grounds into double play, 4-6-3 (Groundball, 4)
|
Top of the 7th over - 0 run(s), 1 hit(s), 0 error(s), 0 left on base; Columbia 3 - Erie 1 |
BOTTOM OF THE 7TH |
Erie Jaxx batting - Pitching for Columbia 08s : LHP Glenn Fox
|
Batting: LHB Jim Knight
|
0-0: Called Strike 0-1: Called Strike 0-2: Ball 1-2: Ground out U3 (Groundball, 3S)
|
Pitching: RHP Irwin Conway
|
|
Batting: RHB Alfredo Ramírez
|
0-0: Swinging Strike 0-1: Foul Ball, location: 2F 0-2: Ball 1-2: Ball 2-2: Ball 3-2: Base on Balls
|
Batting: RHB Júlio Hernández
|
0-0: Fly out, F4 (Line Drive, 4M)
|
Batting: LHB Josh Pérez
|
0-0: Ball 1-0: Called Strike 1-1: Ball Alfredo Ramírez is caught stealing 2nd base
|
Bottom of the 7th over - 0 run(s), 0 hit(s), 0 error(s), 0 left on base; Columbia 3 - Erie 1 |
TOP OF THE 8TH |
Columbia 08s batting - Pitching for Erie Jaxx : RHP Mauro Vásquez
|
Batting: SHB Juan Carlos González
|
0-0: Ball 1-0: Ball 2-0: Ball 3-0: Base on Balls
|
Batting: RHB Bernardo Corona
|
0-0: Called Strike 0-1: Sac Bunt - play at first, batter OUT! 1-3 Juan Carlos González to second
|
Batting: RHB Juan Trujillo
|
0-0: Fly out, F8 (Flyball, 8LD) Runner from 2nd tags up, SAFE at 3rd, no throw
|
Batting: RHB Jorge Mora
|
0-0: Single, Error in OF, E8, batter to second base Juan Carlos González scores
|
Batting: RHB Pablo Díaz
|
0-0: Swinging Strike 0-1: Foul Ball, location: 2F 0-2: Foul Ball, location: 2F 0-2: Ball 1-2: Fly out, F8 (Flyball, 8RD)
|
Top of the 8th over - 1 run(s), 1 hit(s), 1 error(s), 1 left on base; Columbia 4 - Erie 1 |
BOTTOM OF THE 8TH |
Erie Jaxx batting - Pitching for Columbia 08s : RHP Irwin Conway
|
Batting: LHB Josh Pérez
|
0-0: Foul Ball, location: 2F 0-1: Ball 1-1: Ball 2-1: Ball 3-1: Base on Balls
|
Pitching: RHP Danny Johnston
|
|
Batting: RHB Ángel Serrano
|
0-0: Foul Ball, location: 2F 0-1: Called Strike 0-2: Ball 1-2: Strikes out swinging
|
Batting: SHB José Durango
|
0-0: Called Strike 0-1: Foul Ball, location: 2F 0-2: Ball 1-2: Grounds into double play, 4-6-3 (Groundball, 4)
|
Bottom of the 8th over - 0 run(s), 0 hit(s), 0 error(s), 0 left on base; Columbia 4 - Erie 1 |
TOP OF THE 9TH |
Columbia 08s batting - Pitching for Erie Jaxx : RHP Mauro Vásquez
|
Batting: RHB Carlos Luna
|
0-0: SINGLE (Groundball, 6MS) (infield hit)
|
Batting: RHB Jaime Hernández
|
0-0: Ball 1-0: Swinging Strike 1-1: Ball 2-1: Ball 3-1: Base on Balls Carlos Luna to second
|
Batting: RHB Nicoli Turina
|
0-0: Ball 1-0: SINGLE (Flyball, 8LS) Carlos Luna to third Jaime Hernández to second
|
Pinch Hitting: RHB Chris Burrell
|
0-0: Ball 1-0: Ball 2-0: Ball 3-0: Base on Balls Carlos Luna scores Jaime Hernández to third Nicoli Turina to second
|
Pitching: RHP Javier Bustamante
|
|
Batting: SHB Juan Carlos González
|
0-0: Called Strike 0-1: Ball 1-1: Called Strike 1-2: Fly out, F3 (Popup, 34)
|
Batting: RHB Bernardo Corona
|
0-0: Swinging Strike 0-1: Swinging Strike 0-2: Ball 1-2: Strikes out swinging
|
Batting: RHB Juan Trujillo
|
0-0: Ball 1-0: Ball 2-0: Ball 3-0: Foul Ball, location: 2F 3-1: Called Strike 3-2: Base on Balls Jaime Hernández scores Nicoli Turina to third Chris Burrell to second
|
Batting: RHB Jorge Mora
|
0-0: Swinging Strike 0-1: Fielders Choice at 2nd, 4-6 (Groundball, 4)
|
Top of the 9th over - 2 run(s), 2 hit(s), 0 error(s), 2 left on base; Columbia 6 - Erie 1 |
BOTTOM OF THE 9TH |
Erie Jaxx batting - Pitching for Columbia 08s : RHP Danny Johnston
|
Now at 2B: Ernesto Villa
|
|
Now in LF: Claudio Palácios
|
|
Batting: SHB Michael Field
|
0-0: Foul Ball, location: 2F 0-1: SINGLE (Line Drive, 8LS)
|
Batting: RHB Andrés Silva
|
0-0: Ball 1-0: Called Strike 1-1: Ball 2-1: Fly out, F9 (Flyball, 9LMF)
|
Batting: SHB Giel Molendijk
|
0-0: Fielders Choice at 2nd, 3-6 (Groundball, 34)
|
Batting: LHB Jim Knight
|
0-0: Ground out U3 (Groundball, 3L)
|
Bottom of the 9th over - 0 run(s), 1 hit(s), 0 error(s), 1 left on base; Columbia 6 - Erie 1 |
 |
Thursday, March 30th, 2017 - OOTP Baseball 17.12 Build 75
|
|